 Dungeon Crawl Stone Soup version 0.29-a0-575-g0dc89cf053 (webtiles) character file.

Game seed: 11619933652094514828

326 DocClef the Covert (level 6, -4/53 HPs)
             Began as a Gnoll Delver on June 12, 2022.
             Was an Initiate of Okawaru.
             Slain by a kobold brigand
             ... wielding a +0 great mace
              (8 damage)
             ... on level 6 of the Dungeon.
             The game lasted 00:02:06 (1137 turns).

DocClef the Covert (Gnoll Delver)                   Turns: 1137, Time: 00:02:06

Health: -4/53      AC:  3    Str: 12    XL:     6   Next: 49%
Magic:  9/9        EV: 13    Int:  9    God:    Okawaru [......]
Gold:   63         SH:  0    Dex: 15    Spells: 9/9 levels left

rFire   . . .      SeeInvis .   a - +0 short sword
rCold   . . .      Faith    .   (no shield)
rNeg    . . .      Spirit   .   b - +0 leather armour
rPois   .          Reflect  .   (no helmet)
rElec   .          Harm     .   (no cloak)
rCorr   .          Rampage  .   (no gloves)
Will    .....                   (no boots)
Stlth   ++++......              (no amulet)
HPRegen 0.17/turn               (no ring)
MPRegen 0.11/turn               (no ring)

@: lethally poisoned (-4 -> -5)
A: fangs 1, strong nose, distributed training
a: Renounce Religion


You were on level 6 of the Dungeon.
You worshipped Okawaru.
Okawaru was noncommittal.
You visited 2 branches of the dungeon, and saw 3 of its levels.

You collected 63 gold pieces.

Inventory:

Hand Weapons
 a - a +0 short sword (weapon)
 h - the +6 hunting sling "Jesuid Diom" {freeze, rElec}
   (You found it on level 5 of the Dungeon)

   Any ammunition fired from it freezes those it strikes, dealing additional
   cold damage.
   It can also slow down cold-blooded creatures.
   rElec:     It insulates you from electricity.
Armour
 b - a +0 leather armour (worn)
Jewellery
 j - an amulet of faith
Wands
 g - a wand of digging (3)
Scrolls
 c - a scroll of fog
 d - a scroll of magic mapping
 e - a scroll of fear
 k - a scroll of identify {unknown}
 l - a scroll of silence {unknown}
Potions
 f - a potion of haste
 i - a potion of curing {unknown}


   Skills:
 + Level 6.8 Fighting
 + Level 5.0 Short Blades
 + Level 2.0 Long Blades
 + Level 2.0 Axes
 + Level 2.0 Maces & Flails
 + Level 2.0 Polearms
 + Level 2.0 Staves
 + Level 2.0 Slings
 + Level 2.0 Bows
 + Level 2.0 Crossbows
 + Level 2.0 Throwing
 + Level 2.0 Armour
 + Level 5.0 Dodging
 + Level 9.8 Stealth
 + Level 2.0 Shields
 + Level 2.0 Unarmed Combat
 + Level 2.0 Spellcasting
 + Level 1.5 Conjurations
 + Level 1.5 Hexes
 + Level 1.5 Summonings
 + Level 1.5 Necromancy
 + Level 1.5 Translocations
 + Level 1.5 Transmutations
 + Level 1.5 Fire Magic
 + Level 1.5 Ice Magic
 + Level 1.5 Air Magic
 + Level 1.5 Earth Magic
 + Level 1.5 Poison Magic
 + Level 2.2 Invocations
 + Level 2.0 Evocations


You had 9 spell levels left.
You didn't know any spells.
Your spell library was empty.

Dungeon Overview and Level Annotations

Branches:
Dungeon (6/15)             Temple (1/1) D:5

Altars:
Cheibriados
Dithmenos
Elyvilon
Fedhas
Gozag
Hepliaklqana
Kikubaaqudgha
Makhleb
Nemelex Xobeh
Okawaru
Qazlal
Ru
Sif Muna
Trog
Uskayaw
Vehumet
Wu Jian
Xom
Yredelemnul
Zin
The Shining One

Annotations:
D:5 Eustachio


Innate Abilities, Weirdness & Mutations

You have very sharp teeth.
Your uncanny sense of smell can sniff out nearby items.
Your experience applies equally to all skills.


Message History

The sling bullet closely misses the kobold brigand.
You feel very sick.
The kobold brigand throws a poisoned dart.
The poisoned dart barely misses you.
You shoot a sling bullet.
The sling bullet hits the kobold brigand!
The sling bullet freezes the kobold brigand.
The kobold brigand is severely wounded.
You feel sick.
The kobold brigand hits you with a +0 great mace!
You shoot a sling bullet.
The sling bullet completely misses the kobold brigand.
You feel sick. The kobold brigand closely misses you.
The kobold brigand barely misses you.
You shoot a sling bullet.
The sling bullet barely misses the kobold brigand.
You feel sick.
The kobold brigand hits you with a +0 great mace!
You are too injured to fight recklessly!
You are too injured to fight recklessly!
You are too injured to fight recklessly!
You are too injured to fight recklessly!
Unknown command.
Really attack while wielding the +6 hunting sling "Jesuid Diom" {freeze, rElec}? [Y]es or [N]o only, please.
Really attack while wielding the +6 hunting sling "Jesuid Diom" {freeze, rElec}?
Okay, then.
The +6 hunting sling "Jesuid Diom" {freeze, rElec} stops glowing.
a - a +0 short sword (weapon)
You feel sick.
You hit the kobold brigand but do no damage.
The kobold brigand is severely wounded.
You feel sick.
The kobold brigand hits you with a +0 great mace!
* * * LOW HITPOINT WARNING * * *
You miss the kobold brigand.
You bite the kobold brigand, but do no damage.
The kobold brigand is severely wounded.
The kobold brigand hits you with a +0 great mace!
You die...

.#############################
........).).K@................
.######)###################...
#........ #.#. #........ #.#.
#K....... #.#. #.K...... #.#.
......... #.## .........∆ #.#
K........ #.#


You could see a kobold brigand.

Vanquished Creatures
  A lemure (D:5)
  3 scorpions (D:5)
  A hound (D:5)
  2 iguanas
  3 gnolls (D:5)
  3 adders
  A dart slug (D:5)
  An orc (D:5)
  5 kobolds (D:6)
20 creatures vanquished.

Notes
Turn   | Place    | Note
-------+----------+-------------------------------------------
     0 | D:5      | Reached skill level 9 in Stealth
     0 | D:5      | DocClef the Gnoll Delver began the quest for the Orb.
     0 | D:5      | Reached XP level 1. HP: 23/23 MP: 1/1
    60 | D:5      | Noticed a scorpion
    63 | D:5      | Killed a scorpion
    64 | D:5      | Reached skill level 1 in Long Blades
    64 | D:5      | Reached skill level 1 in Axes
    64 | D:5      | Reached skill level 1 in Maces & Flails
    64 | D:5      | Reached skill level 1 in Polearms
    64 | D:5      | Reached skill level 1 in Staves
    64 | D:5      | Reached skill level 1 in Slings
    64 | D:5      | Reached skill level 1 in Bows
    64 | D:5      | Reached skill level 1 in Crossbows
    64 | D:5      | Reached skill level 1 in Throwing
    64 | D:5      | Reached skill level 1 in Armour
    64 | D:5      | Reached skill level 1 in Shields
    64 | D:5      | Reached skill level 1 in Unarmed Combat
    64 | D:5      | Reached skill level 1 in Spellcasting
    64 | D:5      | Reached skill level 1 in Invocations
    64 | D:5      | Reached skill level 1 in Evocations
    64 | D:5      | Reached XP level 2. HP: 29/29 MP: 1/3
    64 | D:5      | Reached XP level 3. HP: 35/35 MP: 1/4
    64 | D:5      | Reached XP level 4. HP: 41/41 MP: 1/5
   132 | D:5      | Identified the +6 hunting sling "Jesuid Diom" {freeze,
                  | rElec}
   155 | D:5      | Reached skill level 1 in Conjurations
   155 | D:5      | Reached skill level 1 in Hexes
   155 | D:5      | Reached skill level 1 in Summonings
   155 | D:5      | Reached skill level 1 in Necromancy
   155 | D:5      | Reached skill level 1 in Translocations
   155 | D:5      | Reached skill level 1 in Transmutations
   155 | D:5      | Reached skill level 1 in Fire Magic
   155 | D:5      | Reached skill level 1 in Ice Magic
   155 | D:5      | Reached skill level 1 in Air Magic
   155 | D:5      | Reached skill level 1 in Earth Magic
   155 | D:5      | Reached skill level 1 in Poison Magic
   182 | D:5      | Reached XP level 5. HP: 47/47 MP: 6/6
   234 | D:5      | Reached XP level 6. HP: 53/53 MP: 8/8
   351 | D:5      | Found a staircase to the Ecumenical Temple.
   375 | Temple   | Entered the Ecumenical Temple
   556 | Temple   | Became a worshipper of Warmaster Okawaru
   633 | D:5      | Noticed Eustachio
   834 | D:6      | Reached skill level 5 in Short Blades
   834 | D:6      | Reached skill level 5 in Dodging
  1137 | D:6      | Slain by a kobold brigand

Illustrated notes

Levels and vault maps discovered:
D:5:      layout_loops_corners, minmay_temple_entry_overgrown, uniq_pikel,
          uniq_eustachio
D:6:      lemuel_ice_spiral_2, layout_basic,
          mainiacjoe_overflow_concentric_impassable, serial_shops,
          nicolae_shop_hallway_stairs
Temple:   kilobyte_greek_temple

Skill      XL: |  1  2  3  4  5  6 |
---------------+-------------------+-----
Stealth        | |  9.8
Long Blades    | 1 2 |  2.0
Axes           | 1 2 |  2.0
Maces & Flails | 1 2 |  2.0
Polearms       | 1 2 |  2.0
Staves         | 1 2 |  2.0
Slings         | 1 2 |  2.0
Bows           | 1 2 |  2.0
Crossbows      | 1 2 |  2.0
Throwing       | 1 2 |  2.0
Armour         | 1 2 |  2.0
Shields        | 1 2 |  2.0
Unarmed Combat | 1 2 |  2.0
Spellcasting   | 1 2 |  2.0
Invocations    | 1 2 |  2.2
Evocations     | 1 2 |  2.0
Conjurations   | 1 |  1.5
Hexes          | 1 |  1.5
Summonings     | 1 |  1.5
Necromancy     | 1 |  1.5
Translocations | 1 |  1.5
Transmutations | 1 |  1.5
Fire Magic     | 1 |  1.5
Ice Magic      | 1 |  1.5
Air Magic      | 1 |  1.5
Earth Magic    | 1 |  1.5
Poison Magic   | 1 |  1.5
Short Blades   | 5 |  5.0
Dodging        | 5 |  5.0
Fighting       | |  6.8

Action                   |  1- 3 |  4- 6 || total
-------------------------+-------+-------++-------
Melee: Short sword       |     1 |     7 ||     8
       Bite              |       |     1 ||     1
 Fire: Hunting sling     |       |    60 ||    60
 Stab: Sleeping          |     1 |     1 ||     2
Armor: Leather armour    |       |     3 ||     3
Dodge: Dodged            |       |    25 ||    25

Table legend: (Time is in decaauts)
 A = Elapsed time spent in this place.
 B = Non-inter-level travel time spent in this place.
 C = Inter-level travel time spent in this place.
 D = Time resting spent in this place.
 E = Time spent auto-exploring this place.
 F = Levels seen in this place.
 G = Mean time per level.
                   A        B        C        D        E       F      G
               +--------+--------+--------+--------+--------+-----+--------+
         Total |   1160 |   1093 |     67 |    163 |    744 |   3 |  386.7 |
       Dungeon |    940 |    940 |      0 |    163 |    598 |   2 |  470.0 |
        Temple |    219 |    152 |     67 |      0 |    146 |   1 |  219.0 |
               +--------+--------+--------+--------+--------+-----+--------+

Top non-repeatable levels by time:
     D:6: 489 daAuts
     D:5: 451 daAuts
  Temple: 219 daAuts
